 Dungeon Crawl Stone Soup version 0.26.1-11-gd32895ea62 (webtiles) character file.

Game seed: 12760797707378565442

7247 ABBCCCDDDD the Martial Artist (level 11, 0/75 HPs)
             Began as an Octopode Gladiator on July 8, 2021.
             Was a Priest of Okawaru.
             Slain by a hornet (9 damage)
             ... while paralysed by a hornet
             ... on level 11 of the Dungeon.
             The game lasted 00:25:51 (14822 turns).

ABBCCCDDDD the Martial Artist (Octopode Gladiator) Turns: 14822, Time: 00:25:51

Health: 0/75       AC:  1    Str: 13    XL:     11   Next: 12%
Magic:  0/14       EV:  2    Int: 13    God:    Okawaru [***...]
Gold:   659        SH:  0    Dex: 15    Spells: 7/10 levels left

rFire    . . .     SeeInvis .     - Unarmed
rCold    . . .     Faith    .   g - +0 buckler
rNeg     + . .     Spirit   +   a - +0 hat
rPois    .         Reflect  .   d - amulet of guardian spirit
rElec    .         Harm     .   e - ring of positive energy
rCorr    .         Rampage  .   (no ring)
Will     .....                  E - ring of flight
Stlth    +++.......             (no ring)
HPRegen  0.22/turn              (no ring)
MPRegen  0.14/turn              (no ring)
                                (no ring)
                                (no ring)

@: paralysed, lethally poisoned (0 -> -7), slowed
A: almost no armour, stealthy swim, amphibious, 8 rings, constrict 8, camouflage
1, gelatinous body 1
a: Renounce Religion, Evoke Flight, Heroism


You were on level 11 of the Dungeon.
You worshipped Okawaru.
Okawaru was most pleased with you.
You visited 2 branches of the dungeon, and saw 12 of its levels.

You collected 659 gold pieces.

Inventory:

Hand Weapons
 C - a +3 spear of venom
Missiles
 b - 14 throwing nets (quivered)
 y - 21 poisoned darts
Armour
 a - a +0 hat (worn)
 g - a +0 buckler (worn)
Jewellery
 d - an amulet of guardian spirit (around mantle)
 e - a ring of positive energy (left tentacle)
 E - a ring of flight (on tentacle)
Wands
 c - a wand of polymorph (6)
 t - a wand of enslavement (9)
 G - a wand of random effects (17)
Scrolls
 f - 4 scrolls of amnesia
 j - 5 scrolls of teleportation
 l - 5 scrolls of remove curse
 m - a scroll of immolation
 q - 2 scrolls of blinking {unknown}
 s - 3 scrolls of enchant armour {unknown}
 x - a scroll of fear {unknown}
 A - a scroll of noise {unknown}
 F - 2 scrolls of magic mapping {unknown}
Potions
 h - 2 potions of ambrosia
 i - 3 potions of magic
 n - 4 potions of heal wounds
 p - a potion of curing
 r - 5 potions of flight
 u - 3 potions of haste {unknown}
 w - 2 potions of resistance {unknown}
 z - 3 potions of mutation {unknown}
 D - a potion of brilliance {unknown}
 H - 2 potions of berserk rage


   Skills:
 - Level 7.0 Fighting
 - Level 6.0 Throwing
 - Level 3.0 Dodging
 - Level 1.4 Stealth
 - Level 4.0 Shields
 - Level 12.0 Unarmed Combat
 + Level 0.6 Conjurations
 + Level 0.7 Earth Magic
 - Level 5.0 Invocations
 - Level 5.0 Evocations


You had 7 spell levels left.
You knew the following spells:

 Your Spells              Type           Power        Failure   Level
a - Stone Arrow           Conj/Erth      2%           56%         3

Your spell library contained the following spells:

 Spells                   Type           Power        Failure   Level
 Sandblast                Erth           4%           22%         1
 Passwall                 Tmut/Erth      0%           38%         2
 Confusing Touch          Hex            0%           67%         3
 Gell's Gravitas          Tloc           0%           67%         3
 Petrify                  Tmut/Erth      1%           95%         4
 Lee's Rapid Deconstruct  Erth           1%           99%         5
 Metabolic Englaciation   Hex/Ice        0%           100%        5
 Yara's Violent Unravell  Hex/Tmut       0%           100%        5


Dungeon Overview and Level Annotations

Branches:
Dungeon (11/15)            Temple (1/1) D:6            Lair (0/6) D:9
    Orc (0/2) D:9

Altars:
Ashenzari
Dithmenos
Fedhas
Gozag
Kikubaaqudgha
Makhleb
Nemelex Xobeh
Okawaru
Qazlal
Ru
Sif Muna
Trog
Uskayaw
Vehumet
Wu Jian
Xom
The Shining One

Shops:
D:4 :

Portals:
Gauntlet: D:11

Annotations:
D:3 Sigmund
D:8 Grum
D:11 2 runed translucent doors


Innate Abilities, Weirdness & Mutations

You cannot wear most types of armour.
You are very stealthy in the water. (Stealth+)
You are amphibious.
You can wear up to eight rings at the same time.
You can use your tentacles to constrict eight enemies at once.
Your skin changes colour to match your surroundings (Stealth+).
Your rubbery body absorbs attacks. (AC +1, EV +1)


Message History

The orc barely misses you.
The orc wizard hits you but does no damage.
The orc warrior hits you with a +0 mace!!
You bludgeon the orc wizard!
You kill the orc wizard!
Okawaru accepts your kill. The hornet stings you!
You suddenly lose the ability to move!
The orc hits you. The hornet stings you!
You feel yourself slow down.
The orc warrior hits you with a +0 mace!!
* * * LOW HITPOINT WARNING * * *
The hornet barely misses you. The orc hits you.
* * * LOW HITPOINT WARNING * * *
You feel yourself speed up. The hornet stings you.
* * * LOW HITPOINT WARNING * * *
You are poisoned.
You feel yourself slow down. The orc warrior barely misses you.
The orc completely misses you.
You feel sick. The hornet stings you!
You die...

..... #.# ..... #..
.....########## #..
............... ..#..
............. ..#..
...........# #.#.
......)....# #...
......o@...# #...
......oy...# #...
...........#...#$...#...
...........#...≈≈...#...
...........#........##'#
...........#≈≈....≈§##.#
...........#E≈....≈E #..
...........####++#####..
...................###.


You could see a hornet, an orc warrior and an orc.

Vanquished Creatures
  3 two-headed ogres
  A shadow (D:9)
  3 yaks
  Edmund (D:6)
  A water moccasin (D:10)
  A hornet zombie (D:9)
  An ice beast (D:10)
  An orc warrior (D:9)
  5 phantoms
  6 centaurs
  5 ogres
  A wyvern zombie (D:11)
  4 gnoll sergeants (D:6)
  A bullfrog (D:10)
  3 scorpions
  2 troll zombies (D:9)
  5 killer bees (D:7)
  3 wights
  An electric eel (D:6)
  3 howler monkeys
  2 jellies
  8 hounds
  3 bullfrog skeletons
  4 gnoll shamans (D:6)
  3 orc priests
  6 orc wizards
  Crazy Yiuf (D:6)
  A centaur skeleton (D:4)
  5 iguanas
  7 worker ants
  4 ogre zombies (D:9)
  A hound zombie (D:10)
  2 hound skeletons
  A worker ant zombie (D:6)
  34 gnolls
  8 adders
  A shadow imp (D:7)
  4 white imps
  An ufetubus (D:9)
  An adder skeleton (D:7)
  2 worms (D:3)
  4 dart slugs
  5 leopard geckos
  24 orcs
  8 giant cockroaches
  11 goblins
  5 hobgoblins
  25 jackals
  6 quokkas
  12 bats
  2 frilled lizards (D:2)
  A giant cockroach zombie (D:6)
  2 goblin skeletons (D:9)
  3 goblin zombies (D:9)
  2 hobgoblin skeletons (D:9)
  2 hobgoblin zombies (D:9)
  A jackal skeleton (D:5)
  9 kobolds
  10 orc zombies (D:9)
  A quokka skeleton (D:4)
  11 rats
294 creatures vanquished.

Vanquished Creatures (others)
  2 wolves (D:8)
  A jackal (D:6)
  3 plants
6 creatures vanquished.

Grand Total: 300 creatures vanquished

Notes
Turn   | Place    | Note
-------+----------+-------------------------------------------
     0 | D:1      | ABBCCCDDDD the Octopode Gladiator began the quest for the
                  | Orb.
     0 | D:1      | Reached XP level 1. HP: 14/14 MP: 1/1
   113 | D:1      | Reached XP level 2. HP: 15/19 MP: 2/2
   625 | D:1      | Reached XP level 3. HP: 25/25 MP: 3/3
   904 | D:1      | Reached skill level 4 in Unarmed Combat
  1611 | D:2      | Reached XP level 4. HP: 30/30 MP: 4/4
  1658 | D:2      | Reached skill level 1 in Shields
  2217 | D:3      | Found a blossoming altar of Fedhas.
  2225 | D:3      | Found a stormy altar of Qazlal.
  2426 | D:3      | Noticed Sigmund
  2801 | D:3      | Reached XP level 5. HP: 31/36 MP: 5/5
  3513 | D:4      | Found Funiygg's Book Shop.
  4040 | D:4      | Noticed an ogre
  4066 | D:4      | Killed an ogre
  4067 | D:4      | Reached skill level 5 in Unarmed Combat
  4067 | D:4      | Reached XP level 6. HP: 42/42 MP: 6/6
  4786 | D:4      | Reached XP level 7. HP: 40/47 MP: 5/7
  5209 | D:4      | Reached skill level 6 in Unarmed Combat
  5558 | D:5      | Entered Level 5 of the Dungeon
  5994 | D:5      | Found a glowing golden altar of the Shining One.
  6604 | D:5      | Found a sacrificial altar of Ru.
  6772 | D:5      | Found a bloodstained altar of Trog.
  6892 | D:5      | Reached skill level 7 in Unarmed Combat
  6892 | D:5      | Reached XP level 8. HP: 49/54 MP: 8/8
  7270 | D:6      | Reached skill level 5 in Fighting
  7322 | D:6      | Noticed Edmund
  7782 | D:6      | Found a shadowy altar of Dithmenos.
  7797 | D:6      | Killed Edmund
  7798 | D:6      | Reached skill level 8 in Unarmed Combat
  8112 | D:6      | Found a runed translucent door.
  8113 | D:6      | Noticed Crazy Yiuf
  8527 | D:6      | Found a staircase to the Ecumenical Temple.
  8539 | Temple   | Entered the Ecumenical Temple
  8621 | Temple   | Became a worshipper of Warmaster Okawaru
  8678 | D:6      | Reached skill level 9 in Unarmed Combat
  8678 | D:6      | Reached XP level 9. HP: 44/62 MP: 9/9
  9627 | D:6      | Reached skill level 1 in Invocations
  9627 | D:6      | Reached skill level 1 in Evocations
  9739 | D:6      | Reached * piety under Okawaru
  9892 | D:6      | Killed Crazy Yiuf
 11456 | D:8      | Noticed Grum
 11504 | D:9      | Noticed a two-headed ogre
 11518 | D:9      | Killed a two-headed ogre
 11519 | D:9      | Reached skill level 10 in Unarmed Combat
 11519 | D:9      | Reached XP level 10. HP: 71/71 MP: 12/12
 11606 | D:9      | Noticed a two-headed ogre
 11621 | D:9      | Killed a two-headed ogre
 11621 | D:9      | Reached ** piety under Okawaru
 11791 | D:8      | Found an ornate altar of the Wu Jian Council.
 12202 | D:9      | Reached skill level 5 in Throwing
 12461 | D:9      | Reached skill level 5 in Evocations
 12480 | D:9      | Reached skill level 5 in Invocations
 12524 | D:9      | Found a staircase to the Orcish Mines.
 13231 | D:9      | Noticed a death yak
 13232 | D:9      | Found a staircase to the Lair.
 13259 | D:10     | Entered Level 10 of the Dungeon
 13352 | D:9      | Reached *** piety under Okawaru
 13480 | D:10     | Reached skill level 11 in Unarmed Combat
 13543 | D:10     | Noticed a two-headed ogre
 13646 | D:10     | Killed a two-headed ogre
 13647 | D:10     | Reached XP level 11. HP: 53/75 MP: 9/14
 14419 | D:10     | Learned a level 3 spell: Stone Arrow
 14703 | D:11     | Reached skill level 12 in Unarmed Combat
 14716 | D:11     | Reached skill level 1 in Stealth
 14724 | D:11     | Found a gate leading to a gauntlet.
 14779 | D:11     | Found a large runed translucent door.
 14780 | D:11     | Found a large runed translucent door.
 14819 | D:11     | Paralysed by a hornet for 3 turns
 14822 | D:11     | Slain by a hornet

Illustrated notes

Levels and vault maps discovered:
D:1:      saegor_arrival_simple_a, layout_basic
D:2:      layout_loops_ring
D:3:      layout_basic, grunt_temple_overflow_forces_of_nature, uniq_sigmund
D:4:      cheibrodos_pilgrimage, layout_basic, serial_shops, shop,
          kennysheep_another_room
D:5:      layout_gridville, tso_altar, overflow_temple_1_default,
          nicolae_ru_the_path_less_chosen
D:6:      layout_cave_pools, old_standard_altar,
          minmay_temple_entry_statues_pillars, serial_gnoll_camp,
          gnoll_camp_mini_house, gnoll_camp_medium_02, gnoll_camp_mini_hut,
          gnoll_camp_huts_moat, gnoll_camp_mini_basic, uniq_crazy_yiuf_cottage,
          uniq_edmund
D:7:      layout_loops_ring, grunt_ministairs_12
D:8:      layout_gridville, chequers_temple_overflow_minitemple,
          overflow_temple_1_default, uniq_grum
D:9:      layout_roguey, david_lair_generic, zombieorc1_lemuel
D:10:     layout_gridville, grunt_ministairs_12
D:11:     layout_basic, serial_shops, shop, gauntlet_entry_generic,
          lightli_elemental_guards
Temple:   compressed_dpeg_circular_temple

Skill      XL: |  1  2  3  4  5  6  7  8  9 10 11 |
---------------+----------------------------------+-----
Unarmed Combat | 4 5 7 9 10 11 12 | 12.0
Shields        | 1 2 3 4 |  4.0
Fighting       | 3 4 6 7 |  7.0
Invocations    | 3 5 |  5.0
Evocations     | 4 5 |  5.0
Throwing       | 4 6 |  6.0
Stealth        | 1 |  1.4
Dodging        | |  3.0
Conjurations   | |  0.6
Earth Magic    | |  0.7

Action                   |  1- 3 |  4- 6 |  7- 9 | 10-12 || total
-------------------------+-------+-------+-------+-------++-------
Melee: Unarmed           |    86 |   123 |   349 |   271 ||   829
       Constrict         |    23 |    29 |    70 |    40 ||   162
       Tentacles         |    14 |    32 |    63 |    54 ||   163
       Punch             |     1 |     1 |    21 |    20 ||    43
Throw: Throwing net      |       |     1 |     3 |     4 ||     8
       Dart              |       |       |    46 |       ||    46
Evoke: Wand              |       |       |     4 |       ||     4
  Use: Scroll            |       |     1 |     5 |     7 ||    13
       Potion            |       |       |     4 |       ||     4
 Stab: Sleeping          |     9 |     4 |     6 |     3 ||    22
       Held in net/web   |       |     1 |       |     4 ||     5
       Distracted        |       |       |     1 |     1 ||     2
Armor: Skin              |     8 |     4 |     6 |     9 ||    27
Dodge: Dodged            |    51 |    58 |   199 |   105 ||   413
Block: Buckler           |       |       |    61 |    36 ||    97
